 Dungeon Crawl Stone Soup version 0.29.1-13-g9f3cf754e1 (webtiles) character file.

Game seed: 14086057506141009388

146579 raph the Warrior (level 16, -15/151 HPs)
             Began as a Minotaur Fighter on Jan 29, 2023.
             Was an Initiate of Gozag.
             Killed from afar by Nikola (64 damage)
             ... with an arc of chain lightning
             ... on level 2 of the Swamp.
             The game lasted 00:50:28 (32540 turns).

raph the Warrior (Minotaur Fighter)                Turns: 32540, Time: 00:50:29

Health: -15/151    AC: 30    Str: 20    XL:     16   Next: 90%
Magic:  15/15      EV: 17    Int:  9    God:    Gozag
Gold:   5461       SH: 18    Dex: 21    Spells: 15/15 levels left

rFire   + . .      SeeInvis .   a - +6 scimitar (flame)
rCold   + . .      Faith    .   R - +3 kite shield of Egoikeash {Rampage +Inv rPois rC-}
rNeg    + + .      Spirit   .   o - +0 plate armour
rPois   +          Reflect  .   (helmet restricted)
rElec   .          Harm     .   I - +2 cloak {rCorr}
rCorr   +          Rampage  +   p - +0 pair of fencer's gloves {Riposte Dex+3}
Will    +....                   H - +3 pair of boots of Spite {rC++ rN++ Dex-4}
Stlth   ..........              X - amulet of regeneration
HPRegen 1.15/turn               N - ring of Truth {EV+4 Str+2 Dex+3 Slay+2}
MPRegen 0.14/turn               Z - ring of Duqa {rF+ AC+4 Str-5 Int+4 Dex+3}

@: gold aura
A: horns 2, retaliatory headbutt
a: Renounce Religion, Evoke Invisibility, Potion Petition, Call Merchant, Bribe
Branch


You were on level 2 of the Swamp.
You worshipped Gozag.
Gozag was greatly pleased with you.
You visited 4 branches of the dungeon, and saw 25 of its levels.
You also visited: Sewer and Gauntlet.

You collected 8118 gold pieces.
You spent 1390 gold pieces at shops.
You paid 1267 gold pieces to Gozag.

Inventory:

Hand Weapons
 a - a +6 scimitar of flaming (weapon)
 b - a +2 demon blade of venom
 h - a +2 double sword of protection
Missiles
 s - 21 javelins (quivered)
 w - 45 poisoned darts
 J - 2 curare-tipped darts
Armour
 l - a +2 tower shield
 o - a +0 plate armour (worn)
 p - the +0 pair of fencer's gloves (worn) {Riposte Dex+3}
   (You found it on level 14 of the Dungeon)

   It allows the wearer to riposte with melee weapons, swiftly retaliating
   against missed or blocked melee attacks.
   Dex:       It affects your dexterity (+3).
 H - the +3 pair of boots of Spite (worn) {rC++ rN++ Dex-4}
   (You acquired it on level 7 of the Dungeon)

   Dex:       It affects your dexterity (-4).
   rC:        It greatly protects you from cold.
   rN:        It greatly protects you from negative energy.
 I - a +2 cloak of preservation (worn)
 R - the +3 kite shield of Egoikeash (worn) {Rampage +Inv rPois rC-}
   (You acquired it on level 3 of the Lair of Beasts)

   rC:        It makes you vulnerable to cold.
   rPois:     It protects you from poison.
   +Inv:      It lets you turn invisible.
   Rampage:   It bestows one free step when moving towards enemies.
Jewellery
 r - the ring "Agyvoe" {Ice rElec rCorr Int+7 Dex-3}
   (You found it in a Gauntlet)

   [ring of ice]

   It enhances your ice magic.
   Int:       It affects your intelligence (+7).
   Dex:       It affects your dexterity (-3).
   rF:        It makes you vulnerable to fire.
   rC:        It protects you from cold.
   rElec:     It insulates you from electricity.
   rCorr:     It protects you from acid and corrosion.
 A - a ring of protection from fire
 N - the ring of Truth (left hand) {EV+4 Str+2 Dex+3 Slay+2}
   (You found it on level 11 of the Dungeon)

   [ring of evasion]

   EV:        It affects your evasion (+4).
   Str:       It affects your strength (+2).
   Dex:       It affects your dexterity (+3).
   Slay:      It affects your accuracy & damage with ranged weapons and melee
   (+2).
 W - a ring of flight
 X - an amulet of regeneration (around neck)
 Z - the ring of Duqa (right hand) {rF+ AC+4 Str-5 Int+4 Dex+3}
   (You found it in a Gauntlet)

   [ring of protection]

   AC:        It affects your AC (+4).
   Str:       It affects your strength (-5).
   Int:       It affects your intelligence (+4).
   Dex:       It affects your dexterity (+3).
   rF:        It protects you from fire.
Wands
 i - a wand of mindburst (7)
 u - a wand of iceblast (9)
 x - a wand of paralysis (21)
 y - a wand of flame (10)
 B - a wand of acid (2)
Scrolls
 c - a scroll of summoning
 e - 3 scrolls of fear
 j - 4 scrolls of magic mapping
 k - 2 scrolls of enchant armour
 q - 7 scrolls of teleportation
 v - 5 scrolls of fog
 F - 9 scrolls of poison
 L - 2 scrolls of blinking
 P - a scroll of amnesia
 Q - 2 scrolls of enchant weapon
 S - a scroll of immolation
Potions
 f - 4 potions of haste
 g - 7 potions of resistance
 m - 3 potions of brilliance
 n - 9 potions of curing
 t - 4 potions of invisibility
 z - 8 potions of ambrosia
 C - 4 potions of mutation
 D - 2 potions of cancellation
 E - a potion of magic
 K - a potion of flight
 M - 4 potions of lignification
 U - 2 potions of heal wounds
 V - a potion of might
Miscellaneous
 d - a phial of floods
 G - a box of beasts
 Y - a phantom mirror


   Skills:
 * Level 15.9 Fighting
 + Level 15.0 Long Blades
 + Level 7.6 Throwing
 + Level 14.1 Armour
 + Level 12.4 Dodging
 * Level 15.5 Shields
 + Level 10.6 Evocations


You had 15 spell levels left.
You didn't know any spells.
Your spell library contained the following spells:

 Spells                   Type           Power      Damage    Failure   Level
 Magic Dart               Conj           0%         1d3       100%        1
 Sandblast                Erth           0%         2d4       100%        1
 Ensorcelled Hibernation  Hex/Ice        0%         N/A       100%        2
 Passwall                 Tmut/Erth      0%         N/A       100%        2
 Searing Ray              Conj           0%         2d4       100%        2
 Static Discharge         Conj/Air       0%         3-3/arc   100%        2
 Conjure Flame            Conj/Fire      0%         6-21      100%        3
 Frozen Ramparts          Ice            0%         1d1       100%        3
 Ignite Poison            Fire/Tmut/Pois 0%         N/A       100%        3
 Portal Projectile        Hex/Tloc       0%         N/A       100%        3
 Stone Arrow              Conj/Erth      0%         3d7       100%        3
 Swiftness                Air            0%         N/A       100%        3
 Tukima's Dance           Hex            0%         N/A       100%        3
 Anguish                  Hex/Necr       0%         N/A       100%        4
 Dispel Undead            Necr           0%         3d6       100%        4
 Fulminant Prism          Conj/Hex       0%         3d6       100%        4
 Ice Form                 Ice/Tmut       0%         N/A       100%        4
 Passage of Golubria      Tloc           0%         N/A       100%        4
 Sticky Flame             Conj/Fire      0%         2d3       100%        4
 Summon Ice Beast         Ice/Summ       0%         N/A       100%        4
 Blade Hands              Tmut           0%         N/A       100%        5
 Iskenderun's Battlesphe  Conj           0%         2d6       100%        5
 Lightning Bolt           Conj/Air       0%         1d11      100%        5
 Summon Mana Viper        Hex/Summ       0%         N/A       100%        5
 Yara's Violent Unravell  Hex/Tmut       0%         3d3       100%        5
 Death Channel            Necr           0%         N/A       100%        6
 Iron Shot                Conj/Erth      0%         9d1       100%        6
 Enfeeble                 Hex            0%         N/A       100%        7
 Monstrous Menagerie      Summ           0%         N/A       100%        7
 Spellforged Servitor     Conj/Summ      0%         N/A       100%        7
 Maxwell's Capacitive Co  Air            0%         ∞         100%        8
 Corpse Rot               Necr/Pois/Air  Unusable   N/A       N/A         4

Dungeon Overview and Level Annotations

Branches:
Dungeon (15/15)            Temple (0/1) D:6            Lair (5/5) D:11
  Swamp (3/4) Lair:3       Spider (0/4) Lair:3        Slime (0/5) Lair:5
    Orc (2/2) D:9             Elf (0/3) Orc:2        Vaults (0/5) D:13
 Depths (0/4) D:15          Sewer (visited)         Gauntlet (visited)

Altars:
Ashenzari
Cheibriados
Dithmenos
Gozag
Hepliaklqana
Kikubaaqudgha
Okawaru
Qazlal
Ru
Sif Muna
Trog
Vehumet
Wu Jian
Xom
Zin

Shops:
D:5 (   D:15 *   Orc:2 =(**

Portals:
Pandemonium: Orc:2

Annotations:
D:7 3 runed translucent doors, Sapher's ghost, novice MeEE
D:12 1 runed translucent door
D:15 3 runed translucent doors, Uthroump's ghost, adept DsFi
Lair:3 2 transporters, Sapher's ghost, journeyman MeEE
Swamp:2 Nikola


Innate Abilities, Weirdness & Mutations

You have a pair of horns on your head.
You reflexively headbutt those who attack you in melee.


Message History

The flame cauterises the wound!
You slice the five-headed hydra!! You burn the five-headed hydra!
The five-headed hydra is severely wounded.
You block the five-headed hydra's attack.
You riposte.
You slash the five-headed hydra! You burn the five-headed hydra.
You headbutt the five-headed hydra.
The five-headed hydra is almost dead.
You block the five-headed hydra's attack.
The five-headed hydra bites you but does no damage.
The five-headed hydra closely misses you.
The five-headed hydra bites you.
You chop one of the five-headed hydra's heads off!
The flame cauterises the wound!
You slice the four-headed hydra!! You burn the four-headed hydra.
You kill the four-headed hydra!
Nikola barely misses you.
You slash Nikola! You burn Nikola. You headbutt Nikola!
Nikola is moderately wounded.
Nikola splashes around in the water.
You slash Nikola! You burn Nikola.
Nikola is moderately wounded.
Nikola hits you with a +4 rapier of electrocution.
You slash Nikola! You burn Nikola.
Nikola is heavily wounded.
You barely miss Nikola.
Nikola is heavily wounded.
Nikola hits you but does no damage.
You slice Nikola!! You burn Nikola!
Nikola is heavily wounded.
Nikola casts a spell.
Lightning arcs from Nikola's hands!
The bolt of lightning hits you!!!!
Ouch! That really hurt!
A bolt of lightning appears from out of thin air!
The bolt of lightning hits Nikola!
You slash Nikola! You burn Nikola.
Nikola is severely wounded.
Nikola gestures wildly while chanting.
Lightning arcs from Nikola's hands!
The bolt of lightning hits you!!!
You die...
Your body crumbles into a pile of gold.

♣♣§♣~~♣~♣.~~~.~~~~~~~~.~.~♣♣...~~
♣~..~~.~~~.~~.~~~~~~~.♣♣♣♣♣♣..~~~
.~.~~~~~~~...~~~~~~>.♣♣♣..~♣.~...
....~~~~~~..........♣♣ ♣♣.......♣
~~...~~§~~~....~~~♣♣♣ ♣♣~....~♣♣
~~....~~~~.....~~.♣ ♣♣.~~~..~♣
~......~~~..♣♣.~..♣ ♣§.~~...♣♣
.~♣~~§...~~.♣...@~♣ ♣♣♣~..♣♣♣
§♣♣♣♣♣♣♣.~~~~.§.@$♣ ♣♣♣♣♣ ♣♣
♣♣~..§§♣♣♣♣♣ ♣♣♣♣♣♣♣


You could see Nikola.

Vanquished Creatures
  Mara (Swamp:3)
  Kirke (D:12)
  Louise (D:15)
  2 ghouls (Swamp:1)
  Nessos (Lair:5)
  A dire elephant (Lair:5)
  An entropy weaver (Gauntlet)
  5 eleionomae
  4 bunyips
  A minotaur (Gauntlet)
  Snorg (Orc:1)
  A great orb of eyes (D:15)
  An ogre mage (D:15)
  A boulder beetle (D:11)
  11 hydras
  3 demonspawn (Orc:2)
  2 ghost crabs (Swamp:1)
  A merfolk avatar (Lair:5)
  9 two-headed ogres
  A catoblepas (Gauntlet)
  3 centaur warriors
  5 alligators
  Erica (D:9)
  Urug (D:12)
  2 hell knights (D:12)
  9 orc high priests (Orc:2)
  Sonja (Lair:2)
  5 slime creatures (D:14)
  4 goliath frogs
  A sea snake (Lair:5)
  6 bog bodies (Swamp:1)
  3 spriggan druids
  5 swamp dragons
  2 harpies (Lair:5)
  A deep elf pyromancer (D:12)
  5 orc knights (Orc:2)
  A necromancer (D:12)
  3 manticores
  An ugly thing (D:11)
  5 orc sorcerers
  3 wolf spiders
  3 cyclopes
  A salamander (D:15)
  2 will-o-the-wisps
  3 oklob plants (D:11)
  5 elephants (Lair:5)
  3 rust devils
  10 cane toads
  4 black mambas
  An eye of devastation (Lair:5)
  3 gargoyles
  A smoke demon (Orc:2)
  2 unseen horrors
  2 torpor snails
  7 rime drakes
  9 komodo dragons
  An efreet (D:14)
  An ice devil (Orc:2)
  2 freezing wraiths
  A queen bee (Lair:2)
  5 trolls
  A tyrant leech (Swamp:2)
  A wind drake (shapeshifter) (D:13)
  A wind drake (Lair:5)
  10 hornets
  3 polar bears (Lair:5)
  A tarantella (shapeshifter) (D:15)
  A raiju (shapeshifter) (D:15)
  2 snapping turtles (Lair:5)
  5 dream sheep (Lair:4)
  14 blink frogs
  A flying skull (Gauntlet)
  10 spriggans
  2 wraiths
  5 wyverns
  3 water elementals (D:13)
  2 shadows
  40 yaks
  4 basilisks
  A redback (Gauntlet)
  A hog (D:12)
  3 steam dragons
  7 vampire mosquitoes
  6 swamp worms
  3 wargs
  3 acid dragons
  A floating eye (Lair:5)
  6 hell hounds (D:12)
  9 water moccasins
  3 ice beasts
  3 swamp drakes (Swamp:2)
  33 orc warriors
  A sky beast (D:7)
  4 black bears
  5 ogres
  12 wolves
  5 centaurs
  3 phantoms
  7 kobold brigands
  18 bullfrogs
  A necrophage (D:5)
  A gnoll sergeant (D:9)
  5 scorpions
  6 wights
  A troll zombie (D:9)
  26 killer bees
  3 howler monkeys
  3 electric eels
  4 crimson imps (D:4)
  Crazy Yiuf (D:2)
  3 hounds
  27 orc priests
  A gnoll bouda (D:6)
  4 iguanas
  An iron imp (D:4)
  13 orc wizards
  5 ogre zombies (D:9)
  7 gnolls
  9 adders
  A white imp (D:3)
  An ufetubus (D:4)
  2 worms
  2 dart slugs
  81 orcs
  11 ball pythons
  10 endoplasms
  10 giant cockroaches
  14 goblins
  6 hobgoblins
  3 jackals (D:1)
  6 quokkas
  8 bats
  8 frilled lizards
  2 goblin skeletons (D:9)
  4 goblin zombies (D:9)
  A hobgoblin zombie (D:9)
  32 kobolds
  2 orc skeletons (D:9)
  10 orc zombies (D:9)
  7 rats
  A spectral hobgoblin (D:10)
765 creatures vanquished.

Vanquished Creatures (collateral kills)
  A komodo dragon (Lair:4)
1 creature vanquished.

Vanquished Creatures (others)
  A bloated husk (Swamp:2)
  A centaur (D:12)
  11 foxfires
  39 fungi
  77 plants
  45 withered plants (Swamp:1)
174 creatures vanquished.

Grand Total: 940 creatures vanquished

Notes
Turn   | Place    | Note
-------+----------+-------------------------------------------
     0 | D:1      | raph the Minotaur Fighter began the quest for the Orb.
     0 | D:1      | Reached XP level 1. HP: 19/19 MP: 0/0
   145 | D:1      | Reached XP level 2. HP: 17/26 MP: 1/1
   339 | D:1      | Found a faded altar of an unknown god.
   581 | D:1      | Reached XP level 3. HP: 31/31 MP: 2/2
  1685 | D:2      | Found a runed translucent door.
  1686 | D:2      | Noticed Crazy Yiuf
  1899 | D:3      | Reached skill level 5 in Long Blades
  2148 | D:3      | Reached XP level 4. HP: 39/39 MP: 3/3
  2690 | D:3      | Found a stormy altar of Qazlal.
  2690 | D:3      | Found a shadowy altar of Dithmenos.
  2980 | D:3      | Found an opulent altar of Gozag.
  2980 | D:3      | Found a glowing silver altar of Zin.
  2981 | D:3      | Found an ancient bone altar of Kikubaaqudgha.
  2991 | D:3      | Became a worshipper of Gozag Ym Sagoz the Greedy
  3358 | D:4      | Reached XP level 5. HP: 45/45 MP: 4/4
  3364 | D:4      | Found a shimmering altar of Xom.
  3665 | D:4      | Reached XP level 6. HP: 48/51 MP: 5/5
  3682 | D:4      | Found a broken altar of Ashenzari.
  3841 | D:4      | Found a snail-covered altar of Cheibriados.
  4170 | D:4      | Reached XP level 7. HP: 52/57 MP: 6/6
  4484 | D:5      | Entered Level 5 of the Dungeon
  4484 | D:5      | Found Putziod's Antique Weapon Emporium.
  4512 | D:5      | Found a sacrificial altar of Ru.
  4562 | D:5      | Reached skill level 10 in Long Blades
  5215 | D:6      | Found a shimmering blue altar of Sif Muna.
  5435 | D:6      | Reached XP level 8. HP: 31/64 MP: 7/7
  5662 | D:6      | Found a glowing drain.
  5680 | Sewer    | Entered a sewer
  6322 | D:6      | Reached skill level 5 in Fighting
  6870 | D:6      | Found a staircase to the Ecumenical Temple.
  7644 | D:7      | Reached XP level 9. HP: 74/78 MP: 8/8
  7941 | D:7      | Found a runed translucent gate.
  7942 | D:7      | Found a runed translucent gate.
  7943 | D:7      | Found a runed translucent gate.
  7945 | D:7      | Noticed Sapher's ghost (novice MeEE)
  8041 | D:7      | Found the +4 robe of Augmentation {Str+4 Int+4 Dex+4}
  8063 | D:7      | Identified a scroll of acquirement
  8063 | D:7      | Acquired the +3 pair of boots of Spite {rC++ rN++ Dex-4}
  8448 | D:8      | Found an iron altar of Okawaru.
  9357 | D:9      | Reached skill level 1 in Throwing
  9357 | D:9      | Reached skill level 1 in Dodging
  9382 | D:9      | Reached skill level 1 in Evocations
  9555 | D:9      | Reached XP level 10. HP: 90/90 MP: 9/9
  9786 | D:9      | Reached skill level 5 in Armour
  9786 | D:9      | Reached skill level 5 in Shields
  9978 | D:9      | Noticed Erica
  9992 | D:9      | Killed Erica
  9995 | D:9      | Found a staircase to the Orcish Mines.
 10341 | D:9      | Found a radiant altar of Vehumet.
 10474 | D:9      | Found an ornate altar of the Wu Jian Council.
 10988 | D:2      | Killed Crazy Yiuf
 11167 | D:10     | Entered Level 10 of the Dungeon
 11384 | D:10     | Found a hazy altar of Hepliaklqana.
 11415 | D:10     | Noticed a two-headed ogre
 11424 | D:10     | Killed a two-headed ogre
 12104 | D:10     | Reached XP level 11. HP: 99/99 MP: 10/10
 12498 | D:11     | Identified the ring of Truth {EV+4 Str+2 Dex+3 Slay+2}
 12554 | D:11     | Reached skill level 10 in Fighting
 12777 | D:11     | Noticed a two-headed ogre
 12783 | D:11     | Killed a two-headed ogre
 12784 | D:11     | Reached skill level 5 in Dodging
 12791 | D:11     | Found a staircase to the Lair.
 12791 | D:11     | Noticed an oklob plant
 12803 | D:11     | Noticed a two-headed ogre
 12812 | D:11     | Noticed a two-headed ogre
 13292 | D:11     | Noticed a boulder beetle
 13306 | D:11     | Killed a boulder beetle
 13331 | D:11     | Noticed a two-headed ogre
 13663 | D:11     | Noticed an oklob plant
 13663 | D:11     | Noticed an oklob plant
 13725 | D:11     | Killed a two-headed ogre
 13740 | D:11     | Killed a two-headed ogre
 13899 | D:11     | Noticed a red ugly thing
 13906 | D:11     | Killed a red ugly thing
 14269 | D:11     | Reached skill level 5 in Evocations
 14315 | D:11     | Killed an oklob plant
 14322 | D:11     | Killed an oklob plant
 14330 | D:11     | Killed an oklob plant
 14677 | D:11     | Killed a two-headed ogre
 14776 | Lair:1   | Entered Level 1 of the Lair of Beasts
 15096 | Lair:1   | Reached XP level 12. HP: 105/110 MP: 11/11
 15223 | Lair:1   | Noticed a four-headed hydra
 15233 | Lair:1   | Killed a one-headed hydra
 16619 | Lair:2   | Noticed Sonja
 16627 | Lair:2   | Killed Sonja
 18032 | Lair:3   | Reached skill level 10 in Armour
 18089 | Lair:3   | Found a staircase to the Swamp.
 18318 | Lair:3   | Found a transporter.
 18322 | Lair:3   | Noticed Sapher's ghost (journeyman MeEE)
 18332 | Lair:3   | Found a bloodstained altar of Trog.
 18341 | Lair:3   | Found a transporter.
 18466 | Lair:3   | Acquired the +3 kite shield of Egoikeash {Rampage +Inv
                  | rPois rC-}
 18520 | Lair:3   | Reached XP level 13. HP: 111/119 MP: 12/12
 18788 | Lair:3   | Found a hole to the Spider Nest.
 19450 | Lair:4   | Reached skill level 10 in Shields
 19843 | Lair:4   | You fall into a shaft and drop 1 floor!
 19843 | Lair:5   | Entered Level 5 of the Lair of Beasts
 19843 | Lair:5   | Noticed a dire elephant
 19893 | Lair:5   | Killed a dire elephant
 20304 | Lair:5   | Noticed Nessos
 20326 | Lair:5   | Killed Nessos
 21845 | Lair:5   | Reached XP level 14. HP: 129/129 MP: 13/13
 22090 | Lair:5   | Found a staircase to the Slime Pits.
 22091 | Lair:5   | Paralysed by a floating eye for 2 turns
 22552 | Orc:1    | Entered Level 1 of the Orcish Mines
 22568 | Orc:1    | Reached skill level 5 in Throwing
 22568 | Orc:1    | Reached skill level 10 in Dodging
 22568 | Orc:1    | Reached XP level 15. HP: 137/137 MP: 14/14
 22955 | Orc:2    | Entered Level 2 of the Orcish Mines
 22955 | Orc:2    | Noticed Snorg
 22964 | Orc:1    | Killed Snorg
 23031 | Orc:2    | Found a staircase to the Elven Halls.
 23319 | Orc:2    | Found Jeco's General Store.
 23322 | Orc:2    | Found Wisewn's General Store.
 23529 | Orc:2    | Bought a potion of might for 48 gold pieces
 23531 | Orc:2    | Bought a scroll of blinking for 112 gold pieces
 24303 | Orc:2    | Paralysed by an orc sorcerer for 3 turns
 24891 | Orc:2    | Found Jimnety's Antique Weapon Shop.
 24891 | Orc:2    | Found a one-way gate leading to the halls of Pandemonium.
 24891 | Orc:2    | Found Guwoc's Jewellery Boutique.
 24902 | Orc:2    | Bought an amulet of regeneration for 390 gold pieces
 25294 | Orc:2    | Paralysed by an orc sorcerer for 5 turns
 25954 | Orc:2    | Bought a phantom mirror for 600 gold pieces
 26179 | D:12     | Found a gate leading to a gauntlet.
 26190 | Gauntlet | Entered a Gauntlet
 26190 | Gauntlet | Found a transporter.
 26190 | Gauntlet | Found a transporter.
 26190 | Gauntlet | Found a transporter.
 26190 | Gauntlet | Found a transporter.
 26194 | Gauntlet | Found a transporter.
 26194 | Gauntlet | Found a transporter.
 26204 | Gauntlet | Found a transporter.
 26208 | Gauntlet | Found a transporter.
 26210 | Gauntlet | Found a large runed translucent door.
 26211 | Gauntlet | Found a large runed translucent door.
 26212 | Gauntlet | Found a large runed translucent door.
 26212 | Gauntlet | Found a large runed translucent door.
 26212 | Gauntlet | Found a runed translucent door.
 26213 | Gauntlet | Found a large runed translucent door.
 26214 | Gauntlet | Found a large runed translucent door.
 26215 | Gauntlet | Found a large runed translucent door.
 26215 | Gauntlet | Found a large runed translucent door.
 26216 | Gauntlet | Found a runed translucent gate.
 26223 | Gauntlet | Found a transporter.
 26224 | Gauntlet | Found a runed translucent gate.
 26224 | Gauntlet | Found a transporter.
 26225 | Gauntlet | Found a runed translucent gate.
 26225 | Gauntlet | Found a runed translucent door.
 26227 | Gauntlet | Found a large runed translucent door.
 26227 | Gauntlet | Found a large runed translucent door.
 26228 | Gauntlet | Found a large runed translucent door.
 26229 | Gauntlet | Found a large runed translucent door.
 26238 | Gauntlet | Found a large runed translucent door.
 26238 | Gauntlet | Found a large runed translucent door.
 26239 | Gauntlet | Found a large runed translucent door.
 26240 | Gauntlet | Found a large runed translucent door.
 26242 | Gauntlet | Found a transporter.
 26246 | Gauntlet | Found a transporter.
 26447 | Gauntlet | Identified the ring "Agyvoe" {Ice rElec rCorr Int+7 Dex-3}
 26485 | Gauntlet | Identified the ring of Duqa {rF+ AC+4 Str-5 Int+4 Dex+3}
 26709 | D:12     | Noticed Urug
 26717 | D:12     | Killed Urug
 26804 | D:12     | Identified the +1 leather armour of Eternal Night {rPois
                  | Will- Slay+3}
 27291 | D:12     | Found a runed translucent door.
 27369 | D:12     | Noticed Kirke
 27388 | D:12     | Killed Kirke
 27775 | D:13     | Found a gate to the Vaults.
 29148 | D:14     | Found an ancient bone altar of Kikubaaqudgha.
 29229 | D:14     | Found the +0 pair of fencer's gloves {Riposte Dex+3}
 29385 | D:14     | Reached XP level 16. HP: 147/147 MP: 15/15
 29820 | D:15     | Entered Level 15 of the Dungeon
 29820 | D:15     | Found Reemiliog's Assorted Antiques.
 29843 | D:15     | Bought a dented beryl amulet for 150 gold pieces
 29843 | D:15     | Bought a potion of curing for 90 gold pieces
 29890 | D:15     | Noticed Louise
 29911 | D:15     | Killed Louise
 29912 | D:15     | Reached skill level 15 in Fighting
 29912 | D:15     | Reached skill level 10 in Evocations
 30059 | D:15     | Found the +6 lightning scales {swift, rElec}
 30171 | D:15     | Found a runed translucent gate.
 30172 | D:15     | Found a runed translucent gate.
 30173 | D:15     | Found a runed translucent gate.
 30174 | D:15     | Noticed Uthroump's ghost (adept DsFi)
 30253 | D:15     | Found a staircase to the Depths.
 30636 | Swamp:1  | Entered Level 1 of the Swamp
 31542 | Swamp:2  | Reached skill level 15 in Shields
 32109 | Swamp:3  | Noticed Mara
 32131 | Swamp:3  | Noticed raph's illusion
 32132 | Swamp:3  | Killed Mara
 32222 | Swamp:3  | Reached skill level 15 in Long Blades
 32413 | Swamp:3  | Noticed Nikola
 32540 | Swamp:2  | Killed from afar by Nikola

Illustrated notes

Levels and vault maps discovered:
D:1:      dpeg_arrival_oval, layout_basic, hellmonk_ecumenical_altar_crossroads
D:2:      layout_loops_cross, uniq_crazy_yiuf_cottage
D:3:      kennysheep_the_goblin_king, layout_loops_ring,
          gammafunk_temple_overflow_claw, gammafunk_temple_overflow_wave
D:4:      old_forge, layout_rooms, nicolae_ashenzari_panopticon, led_xom_imps,
          slow_altar_1
D:5:      layout_rooms, nicolae_ru_great_annihilating_truth, serial_shops, shop,
          chequers_serial_rivers_large_a
D:6:      layout_basic, mainiacjoe_overflow_cross_hatched,
          minmay_temple_entry_grid, gup_sewer_entry_pipe
D:7:      layout_basic, gammafunk_ghost_nasty_kobolds
D:8:      layout_loops_ring, okawaru_ov_weapons_minmay,
          ebering_dispersal_statue_hall, dreamdust_wishing_well,
          chequers_serial_rivers_room_b
D:9:      layout_irregular_city, kennysheep_mini_moat,
          mainiacjoe_overflow_surrounded_room, zombieorc1_lemuel, uniq_erica
D:10:     layout_roguey, nicolae_hepliaklqana_monster_ancestors
D:11:     layout_loops_ring, dpeg_oklobed_lair
D:12:     mludivico_vault, layout_small_grid, gauntlet_entry_generic, uniq_urug,
          uniq_kirke
D:13:     layout_basic, david_vaults_4, serial_corexii_hall,
          chequers_hall_statues_corner_a, corexii_hall_statues_t
D:14:     layout_basic, kiku_gazebo_garden_becter
D:15:     hangedman_depths_entry_try_elsewhere_first, layout_rooms,
          gammafunk_ghost_tricky_traps, serial_shops,
          nicolae_shop_overgrown_old_shop, uniq_louise
Lair:1:   layout_loops_ring, grunt_forest_large_clearing_hut,
          grunt_megastairs_2, serial_bayou_shore_b
Lair:2:   layout_cave_pods, special_room [special_room_bee],
          beast_lair_carwin_8, infiniplex_staircase_pool, uniq_sonja
Lair:3:   layout_layer_cave, swamp_mist, spider_nest_entry_rubble,
          gammafunk_ghost_wrathful_warriors, serial_bayou_shore_b
Lair:4:   layout_cave_pods
Lair:5:   gammafunk_lair_ancient_temple, layout_regular_city,
          minmay_slime_entry_eyes, serial_bayou_shore_a, serial_bayou_shore_b,
          lemuel_fruit_fields, uniq_nessos
Swamp:1:  layout_falls_marsh, evilmike_swamp_ruin_house_3, swamp_pool1,
          st_shrine_of_shade
Swamp:2:  layout_basic_swamp, evilmike_swamp_ruin_rubble_1, swamp_pool5
Swamp:3:  layout_basic_swamp, nicolae_swamp_some_circles, swamp_pool3,
          uniq_nikola, uniq_mara
Orc:1:    layout_caves
Orc:2:    pf_orc_diabolical, layout_diamond_mine, minmay_orc_temple_c,
          uniq_snorg

Skill      XL: |  1  2  3  4  5  6  7  8  9 10 11 12 13 14 15 16 |
---------------+-------------------------------------------------+-----
Long Blades    | 3 4 5 6 7 9 11 13 14 15 | 15.0
Fighting       | 6 8 9 11 12 13 14 15 | 15.9
Throwing       | 2 4 5 6 7 |  7.6
Armour         | 4 6 8 10 11 13 14 | 14.1
Dodging        | 2 4 7 8 9 10 11 12 | 12.4
Shields        | 4 5 6 9 12 14 15 | 15.5
Evocations     | 1 3 5 7 8 9 10 | 10.6

Action                   |  1- 3 |  4- 6 |  7- 9 | 10-12 | 13-15 | 16-18 || total
-------------------------+-------+-------+-------+-------+-------+-------++-------
Melee: Long sword        |   116 |   131 |   411 |    91 |       |       ||   749
       Headbutt          |    21 |    21 |    85 |   138 |   274 |   132 ||   671
       Scimitar          |       |       |       |   473 |   915 |   279 ||  1667
       Double sword      |       |       |       |       |   107 |       ||   107
       Unarmed           |       |       |       |       |     5 |       ||     5
       Demon blade       |       |       |       |       |       |    80 ||    80
Throw: Javelin           |     1 |     2 |    16 |    24 |    16 |       ||    59
       Boomerang         |       |       |       |     4 |       |       ||     4
       Dart              |       |       |       |     8 |    33 |     2 ||    43
       Throwing net      |       |       |       |     2 |     2 |     1 ||     5
Invok: Potion Petition   |       |       |     1 |       |     1 |       ||     2
Evoke: Wand              |       |       |     2 |     2 |     2 |       ||     6
       Phial of floods   |       |       |       |       |     2 |       ||     2
  Use: Scroll            |       |     9 |    14 |     9 |    11 |       ||    43
       Potion            |       |       |     2 |     3 |     6 |     1 ||    12
 Stab: Held in net/web   |       |       |     1 |     1 |     1 |       ||     3
       Paralysed         |       |       |     1 |       |       |       ||     1
       Distracted        |       |       |       |     2 |     4 |     1 ||     7
       Invisible         |       |       |       |     1 |     1 |       ||     2
Armor: Scale mail        |    54 |       |       |       |       |       ||    54
       Plate armour      |    19 |    73 |   260 |   212 |   333 |   127 ||  1024
Dodge: Dodged            |    34 |    29 |   111 |   233 |   362 |   131 ||   900
Block: Buckler           |    25 |    30 |    81 |    40 |       |       ||   176
       Kite shield       |       |       |       |   188 |   664 |   200 ||  1052
       Tower shield      |       |       |       |       |       |   107 ||   107
       Rpst.: Scimitar   |       |       |       |       |     3 |    79 ||    82
       Demon blade       |       |       |       |       |       |    14 ||    14
